 Dungeon Crawl Stone Soup version 0.30-a0-808-g6e0788376e (webtiles) character file.

Game seed: 16579931457479686266

25895 cforsyth the Unseen (level 13, -4/76 HPs)
             Began as a Kobold Brigand on Feb 25, 2023.
             Was a High Priest of Hepliaklqana.
             Slain by a death yak (12 damage)
             ... on level 2 of the Lair of Beasts.
             The game lasted 00:24:05 (16689 turns).

cforsyth the Unseen (Kobold Brigand)               Turns: 16689, Time: 00:24:06

Health: -4/76      AC: 11    Str: 10    XL:     13   Next: 54%
Magic:  13/13      EV: 27    Int: 18    God:    Hepliaklqana [*****.]
Gold:   1308       SH:  0    Dex: 28    Spells: 12/12 levels left

rFire   . . .      SeeInvis +    a - +3 dagger
rCold   . . .      Faith    .    (no shield)
rNeg    . . .      Spirit   .    D - +1 troll leather armour
rPois   .          Reflect  .    j - +2 helmet "Othaehip" {Int+6}
rElec   .          Harm     .    t - +1 cloak of the Past {Drain Str+2 SInv}
rCorr   .          Rampage  .    (no gloves)
Will    +....                    u - +0 pair of boots
Stlth   ++++++++                 S - amulet of regeneration
HPRegen 1.92/turn                o - ring of willpower
MPRegen 0.13/turn                y - +6 ring of dexterity

@: about to teleport, studying Maces & Flails
A: reduced essence, small, no large weapons, nightstalker 3
a: Renounce Religion, Recall Ancestor, Ancestor Identity, Transference, Idealise


You were on level 2 of the Lair of Beasts.
You worshipped Hepliaklqana.
Hepliaklqana was extremely pleased with you.
You visited 3 branches of the dungeon, and saw 16 of its levels.
You also visited: Sewer and Bailey.

You collected 1308 gold pieces.

Inventory:

Hand Weapons
 a - a +3 dagger (weapon)
 E - a +2 antimagic dagger
Missiles
 d - 28 poisoned darts (quivered)
 e - 8 curare-tipped darts
 G - a throwing net
Armour
 j - the +2 helmet "Othaehip" (worn) {Int+6}
   (You found it on level 2 of the Dungeon)

   Int:       It affects your intelligence (+6).
 t - the +1 cloak of the Past (worn) {Drain Str+2 SInv}
   (You found it on level 6 of the Dungeon)

   Str:       It affects your strength (+2).
   SInv:      It lets you see invisible.
   Drain:     It drains your maximum health when unequipped.
 u - a +0 pair of boots (worn)
 z - a +2 kite shield of protection
 D - a +1 troll leather armour (worn)
Jewellery
 b - the necklace of Bloodlust {Fury *Rage Will++ Int-3 Slay+6}
   (You found it on level 8 of the Dungeon)

   [amulet of nothing]

   Fury:      It extends the wearer's berserk rage when killing foes.
   Int:       It affects your intelligence (-3).
   Slay:      It affects your accuracy & damage with ranged weapons and melee
   (+6).
   *Rage:     It berserks you when you make melee attacks (+50% chance).
   Will:      It greatly increases your willpower.
 i - a ring of ice
 o - a ring of willpower (left hand)
 r - a ring of see invisible
 y - a +6 ring of dexterity (right hand)
 L - the amulet of Boiro {RegenMP Rampage Regen+ rCorr Slay-3}
   (You found it on level 9 of the Dungeon)

   [amulet of magic regeneration]

   It increases your rate of magic regeneration.
   Slay:      It affects your accuracy & damage with ranged weapons and melee
   (-3).
   Regen:     It increases your rate of health regeneration.
   rCorr:     It protects you from acid and corrosion.
   Rampage:   It bestows one free step when moving towards enemies.
 N - an amulet of magic regeneration
 S - an amulet of regeneration (around neck)
Wands
 n - a wand of acid (9)
 q - a wand of paralysis (11)
 s - a wand of mindburst (13)
 w - a wand of flame (79)
 K - a wand of polymorph (7)
 P - a wand of iceblast (4)
 R - a wand of digging (3)
Scrolls
 m - 5 scrolls of teleportation
 A - a scroll of blinking
 F - 2 scrolls of identify
 H - 3 scrolls of amnesia
 I - 4 scrolls of enchant weapon
 M - 2 scrolls of magic mapping
 Q - a scroll of silence
Potions
 c - 2 potions of heal wounds
 f - 2 potions of attraction
 g - 5 potions of flight
 h - 3 potions of ambrosia
 k - a potion of might
 l - 6 potions of mutation
 p - 5 potions of brilliance
 v - 3 potions of invisibility
 x - 3 potions of lignification
 B - 5 potions of haste
 C - a potion of berserk rage
 J - 3 potions of curing


   Skills:
 + Level 11.8 Fighting
 + Level 14.0 Short Blades
 - Level 2.1 Throwing
 + Level 12.7 Dodging
 + Level 15.7 Stealth
 + Level 5.1 Shields


You had 12 spell levels left.
You didn't know any spells.
Your spell library contained the following spells:

 Spells                   Type           Power      Damage    Failure   Level
 Foxfire                  Conj/Fire      0%         2x1d4     30%         1
 Call Canine Familiar     Summ           0%         N/A       65%         3
 Gell's Gravitas          Tloc           0%         N/A       65%         3
 Ozocubu's Armour         Ice            0%         N/A       65%         3
 Portal Projectile        Hex/Tloc       0%         N/A       65%         3
 Teleport Other           Tloc           0%         N/A       65%         3
 Animate Armour           Summ/Erth      0%         N/A       96%         4
 Leda's Liquefaction      Hex/Erth       0%         N/A       96%         4
 Blade Hands              Tmut           0%         N/A       100%        5
 Fireball                 Conj/Fire      0%         3d3       100%        5
 Irradiate                Conj/Tmut      0%         3d11      100%        5
 Dispersal                Tloc           0%         N/A       100%        6
 Iron Shot                Conj/Erth      0%         9d1       100%        6
 Starburst                Conj/Fire      0%         6d3       100%        6
 Dragon Form              Tmut           0%         N/A       100%        7
 Ozocubu's Refrigeration  Ice            0%         4d7       100%        7


Dungeon Overview and Level Annotations

Branches:
Dungeon (12/15)            Temple (1/1) D:4            Lair (3/5) D:8
 Shoals (0/4) Lair:2        Snake (0/4) Lair:2          Orc (0/2) D:11
  Sewer (visited)          Bailey (visited)

Altars:
Ashenzari
Cheibriados
Dithmenos
Elyvilon
Fedhas
Gozag
Hepliaklqana
Kikubaaqudgha
Makhleb
Nemelex Xobeh
Okawaru
Qazlal
Sif Muna
Trog
Uskayaw
Vehumet
Wu Jian
Yredelemnul
Zin

Annotations:
D:12 3 runed translucent doors, exclusion: obsidian statue


Innate Abilities, Weirdness & Mutations

Your life essence is reduced to manifest your ancestor. (-10% HP)
You are small and have problems with some larger weapons.
You are completely attuned to the shadows.


Message History

The death yak is heavily wounded.
Izel hits the death yak with a +0 dagger of draining!
Izel drains the death yak.
The death yak gores Izel but does no damage.
You strike the helpless death yak from behind!
You stick the death yak like a pincushion!!!
You kill the death yak!
No target in view!
No target in view!
No target in view!
No target in view!
No target in view!
No target in view!
You start resting.
Magic restored.
You start waiting.
Done waiting.
You climb downwards.
The death yak completely misses you. The death yak gores you!
The death yak gores you!! The death yak gores you!
There is a stone staircase leading up, spattered with blood here.
The death yak misses you. The death yak gores you!!
* * * LOW HITPOINT WARNING * * *
The death yak barely misses you.
You climb upwards.
There is a stone staircase leading down here.
The death yak attacks as you move away! The death yak completely misses you.
The death yak attacks as you move away! The death yak gores you!
* * * LOW HITPOINT WARNING * * *
The death yak gores Izel!
Izel hits the death yak but does no damage.
The death yak attacks as you move away! The death yak misses you.
The death yak attacks as you move away! The death yak misses you.
Izel hits the death yak with a +0 dagger of draining!
The death yak gores Izel!! x2
Izel is destroyed!
As you read the scroll of teleportation, it crumbles to dust.
You feel strangely unstable. The death yak attacks as you move away!
The death yak completely misses you. The death yak attacks as you move away!
The death yak gores you!
You die...

.................#......#.....##.
P...R#..........###.#P..#....####
#...####.........#####..#...## #
....# ##........## #.##...## #
#...###.........P# ###~~~..# ##
#....###.........# ##≈~~~#####.
...P..##.....†..######~~~~##.....
P~P~~♣.......>YY.##.#~~)~~#......
~~~~♣.........Y.@...#≈≈≈~##......
≈≈≈~~~P.............#≈≈≈≈###.##..
≈≈~~~P♣####....P#P.###≈≈## ######
~.~~.♣.# #~~~~##### #####
~~.~~..# #.~~♣P# #...# ♣..P..##
#...~~## #...# # ....†#.#
#...##.# ###...## ## .....###
##......###.#....######.
....######.......................


You could see 3 death yaks.

Vanquished Creatures
  2 boulder beetles (D:12)
  Erica (Lair:2)
  2 two-headed ogres (D:12)
  Urug (Lair:1)
  2 death yaks (Lair:2)
  2 deep trolls (D:8)
  2 skeletal warriors (D:11)
  Lodul (D:10)
  An orc knight (Bailey)
  2 ugly things
  4 cyclopes
  2 manticores (D:12)
  A merfolk siren (Lair:2)
  A gargoyle (D:12)
  An unseen horror (D:12)
  A cane toad (Lair:3)
  4 komodo dragons
  A kobold demonologist (D:11)
  2 trolls
  A polar bear (Lair:1)
  Sigmund (D:6)
  A shadow (D:11)
  7 yaks
  2 wraiths (D:10)
  3 steam dragons
  3 vampire mosquitoes (D:12)
  An acid dragon (D:9)
  Duvessa (D:5)
  A naga (Lair:2)
  4 water moccasins
  10 orc warriors
  A sky beast (D:7)
  2 black bears (D:7)
  4 wolves (Lair:2)
  8 ogres
  A phantom (D:4)
  2 kobold brigands
  9 bullfrogs
  A necrophage (D:4)
  Blork the orc (D:4)
  A scorpion (D:4)
  Dowan (D:5)
  16 killer bees
  4 electric eels
  2 howler monkeys (D:10)
  A hound (D:4)
  An orc priest (D:5)
  3 iguanas
  Natasha (thrice) (D:2)
  A malarious merfolk avatar (Sewer)
  7 orc wizards
  A sickly merfolk siren (Sewer)
  10 adders
  3 gnolls (D:4)
  A shadow imp (D:7)
  A white imp (D:7)
  An ufetubus (D:4)
  A dart slug (D:2)
  31 orcs
  6 endoplasms
  5 giant cockroaches
  6 goblins
  7 hobgoblins
  A quokka (D:3)
  13 ball pythons
  6 bats
  12 frilled lizards
  13 kobolds
  23 rats
278 creatures vanquished.

Vanquished Creatures (collateral kills)
  2 two-headed ogres (D:10)
  A skeletal warrior (D:11)
  A deep troll (D:8)
  An ugly thing (D:12)
  A wraith (D:12)
  A wyvern (D:7)
  2 yaks (D:9)
  2 nagas (Lair:2)
  A sky beast (D:7)
  An orc warrior (Bailey)
  A wolf (Lair:2)
  2 ogres (D:10)
  A centaur (D:9)
  A kobold brigand (D:8)
  3 bullfrogs
  A killer bee (D:9)
  2 electric eels (D:11)
  An orc (D:9)
  6 kobolds
31 creatures vanquished.

Vanquished Creatures (others)
  4 hexers
  6 fungi
  26 plants
36 creatures vanquished.

Grand Total: 345 creatures vanquished

Notes
Turn   | Place    | Note
-------+----------+-------------------------------------------
     0 | D:1      | cforsyth the Kobold Brigand began the quest for the Orb.
     0 | D:1      | Reached XP level 1. HP: 12/12 MP: 1/1
   270 | D:1      | Reached XP level 2. HP: 18/18 MP: 2/2
   521 | D:2      | Reached XP level 3. HP: 22/22 MP: 3/3
   526 | D:2      | You fall into a shaft and drop 1 floor!
   563 | D:2      | Identified the +2 helmet "Othaehip" {Int+6}
   598 | D:2      | Noticed Natasha
   602 | D:2      | Killed Natasha
   603 | D:2      | Reached skill level 6 in Stealth
   603 | D:2      | Reached XP level 4. HP: 28/28 MP: 4/4
   676 | D:2      | Found a sparkling altar of Nemelex Xobeh.
   676 | D:2      | Noticed Natasha
   694 | D:2      | Killed Natasha
   779 | D:2      | Reached XP level 5. HP: 32/32 MP: 5/5
   916 | D:2      | Noticed Natasha
   932 | D:2      | Killed Natasha
  2533 | D:4      | Reached XP level 6. HP: 37/37 MP: 6/6
  2576 | D:4      | Reached skill level 7 in Stealth
  2642 | D:4      | Noticed Blork the orc
  2646 | D:4      | Killed Blork the orc
  2647 | D:4      | Reached skill level 5 in Short Blades
  2647 | D:4      | Reached XP level 7. HP: 43/43 MP: 7/7
  2908 | D:4      | Found a staircase to the Ecumenical Temple.
  3085 | Temple   | Entered the Ecumenical Temple
  3195 | Temple   | Became a worshipper of Hepliaklqana the Forgotten
  3543 | D:5      | Entered Level 5 of the Dungeon
  3928 | D:5      | Found a white marble altar of Elyvilon.
  4013 | D:5      | Found a glowing drain.
  4019 | Sewer    | Entered a sewer
  4651 | D:5      | Noticed Duvessa
  4652 | D:5      | Noticed Dowan
  4872 | D:5      | Found an iron altar of Okawaru.
  4949 | D:6      | Reached XP level 8. HP: 48/48 MP: 8/8
  4952 | D:6      | Reached skill level 5 in Fighting
  4952 | D:6      | Reached skill level 5 in Dodging
  4952 | D:6      | Reached skill level 8 in Stealth
  5018 | D:6      | Reached * piety under Hepliaklqana
  5207 | D:6      | Identified the +1 cloak of the Past {Drain Str+2 SInv}
  5250 | D:6      | Noticed Sigmund
  5263 | D:6      | Killed Sigmund
  5264 | D:6      | Reached skill level 9 in Stealth
  5704 | D:7      | Reached XP level 9. HP: 49/49 MP: 9/9
  6628 | D:7      | Reached ** piety under Hepliaklqana
  6630 | D:7      | Remembered your ancestor Izel as a hexer
  6724 | D:7      | Reached skill level 10 in Stealth
  7036 | D:8      | Found a staircase to the Lair.
  7610 | D:8      | Reached XP level 10. HP: 12/56 MP: 10/10
  7881 | D:8      | Noticed a deep troll
  7883 | D:8      | Noticed a deep troll
  7885 | D:8      | Killed a deep troll
  7886 | D:8      | Reached skill level 11 in Stealth
  7886 | D:8      | Noticed a deep troll
  7887 | D:8      | Found the necklace of Bloodlust {Fury *Rage Will++ Int-3
                  | Slay+6}
  7896 | D:8      | Killed a deep troll
  7905 | D:8      | Killed a deep troll
  7906 | D:8      | Reached skill level 10 in Short Blades
  8116 | D:5      | Reached *** piety under Hepliaklqana
  8132 | D:5      | Killed Duvessa
  8138 | D:5      | Killed Dowan
  8628 | D:9      | Noticed a cyan ugly thing
  8632 | D:9      | Killed a cyan ugly thing
  8633 | D:9      | Reached skill level 12 in Stealth
  8732 | D:9      | Noticed a komodo dragon
  8735 | D:9      | Killed a komodo dragon
  8834 | D:9      | Reached XP level 11. HP: 62/62 MP: 11/11
  8994 | D:9      | Reached skill level 10 in Dodging
  9093 | D:9      | Identified the amulet of Boiro {RegenMP Rampage Regen+
                  | rCorr Slay-3}
  9278 | D:10     | Entered Level 10 of the Dungeon
  9513 | D:10     | Found a flagged portal.
  9614 | Bailey   | Entered a bailey
  9717 | Bailey   | Noticed an orc knight
  9769 | Bailey   | Killed an orc knight
  9770 | Bailey   | Reached skill level 13 in Stealth
 10292 | D:10     | Noticed a two-headed ogre
 10306 | D:10     | Killed a two-headed ogre
 10307 | D:10     | Reached skill level 1 in Shields
 10317 | D:10     | Reached **** piety under Hepliaklqana
 10478 | D:10     | Noticed a two-headed ogre
 10485 | D:10     | Killed a two-headed ogre
 10518 | D:10     | Noticed Lodul
 10523 | D:10     | Reached skill level 10 in Fighting
 10524 | D:10     | Killed Lodul
 10534 | D:10     | Reached XP level 12. HP: 69/69 MP: 12/12
 11011 | D:11     | Found a staircase to the Orcish Mines.
 11068 | D:11     | Reached skill level 14 in Stealth
 11558 | D:11     | Noticed a skeletal warrior
 11569 | D:11     | Noticed a skeletal warrior
 11900 | D:12     | Found a runed translucent gate.
 11901 | D:12     | Found a runed translucent gate.
 11901 | D:12     | Found an opulent altar of Gozag.
 11902 | D:12     | Found a runed translucent gate.
 11959 | D:12     | Noticed a boulder beetle
 11963 | D:12     | Killed a boulder beetle
 11982 | D:12     | Noticed a boulder beetle
 11986 | D:12     | Killed a boulder beetle
 12022 | D:12     | Reached ***** piety under Hepliaklqana
 12461 | D:12     | Noticed a two-headed ogre
 12463 | D:12     | Killed a two-headed ogre
 12516 | D:12     | Noticed a two-headed ogre
 12522 | D:12     | Killed a two-headed ogre
 12765 | D:12     | Noticed a skeletal warrior
 12920 | D:11     | Noticed a skeletal warrior
 12924 | D:11     | Killed a skeletal warrior
 13035 | D:11     | Reached XP level 13. HP: 57/75 MP: 13/13
 13240 | D:11     | Reached skill level 15 in Stealth
 13563 | D:11     | HP: 1/75 [skeletal warrior/+0 hand axe (15)]
 13800 | Lair:1   | Entered Level 1 of the Lair of Beasts
 14612 | Lair:1   | Noticed Urug
 14616 | Lair:1   | Killed Urug
 14854 | Lair:2   | Noticed Erica
 14858 | Lair:2   | Killed Erica
 15412 | Lair:2   | Found a staircase to the Shoals.
 15532 | Lair:2   | Found a staircase to the Snake Pit.
 16013 | Lair:2   | Reached skill level 5 in Shields
 16685 | Lair:2   | HP: 1/76 [death yak (12)]
 16689 | Lair:2   | Slain by a death yak

Illustrated notes

Levels and vault maps discovered:
D:1:      nzn_arrival_crosshair, layout_rooms
D:2:      layout_loops_ring, basic_altar, corexii_shack, dk_noncrumbling_4,
          uniq_natasha
D:3:      layout_rooms
D:4:      layout_basic, nicolae_overflow_hidden_temple,
          minmay_temple_entry_trees, uniq_blork_the_orc
D:5:      layout_layer_cave, mainiacjoe_overflow_six_doors_small,
          nicolae_overflow_crystal_walls, portal_sewer_entry_b,
          chequers_mini_garden, uniq_duvessa
D:6:      layout_basic, uniq_sigmund
D:7:      layout_cave_pods
D:8:      layout_loops_cross, lair_entry_dummy, grunt_decor_mini_mirrors,
          hellmonk_guarded_unrand_vitality_bloodlust
D:9:      layout_loops_ring
D:10:     layout_basic, enter_bailey_8, uniq_lodul
D:11:     layout_basic, orc_0_dummy
D:12:     layout_loops_ring, ebering_ghost_gozag
Temple:   regret_index_temple_mists
Lair:1:   layout_roguey, infiniplex_staircase_pool, serial_bayou_shore_a,
          uniq_urug
Lair:2:   layout_small_grid, minmay_shoals_entry_lonely_mermaid,
          nicolae_snake_entry_squirm, serial_bayou, serial_bayou_pond_b,
          serial_bayou_pond_d, serial_bayou_lagoon_b, serial_bayou_lagoon_a,
          uniq_erica
Lair:3:   layout_big_grid

Skill      XL: |  1  2  3  4  5  6  7  8  9 10 11 12 13 |
---------------+----------------------------------------+-----
Short Blades   | 3 4 5 6 7 9 10 12 13 14 | 14.0
Dodging        | 2 3 4 6 7 9 10 12 | 12.7
Fighting       | 3 4 6 7 8 10 11 | 11.8
Stealth        | 6 7 9 10 12 13 14 15 | 15.7
Shields        | 1 4 5 |  5.1
Throwing       | |  2.1

Action                     |  1- 3 |  4- 6 |  7- 9 | 10-12 | 13-15 || total
---------------------------+-------+-------+-------+-------+-------++-------
  Melee: Dagger            |    36 |   187 |   373 |   522 |   231 ||  1349
         Punch             |       |     2 |     8 |    13 |     5 ||    28
 Invoke: Recall Ancestor   |       |       |     1 |       |     2 ||     3
         Ancestor Life: He |       |       |     1 |       |       ||     1
    Use: Potion            |       |     1 |       |       |     2 ||     3
         Scroll            |       |       |    11 |     9 |     5 ||    25
   Stab: Sleeping          |    16 |    22 |    40 |    30 |    11 ||   119
         Confused          |       |       |     3 |    15 |     1 ||    19
         Distracted        |       |       |     2 |    11 |     8 ||    21
 Armour: Robe              |     2 |    44 |    40 |     6 |       ||    92
         Troll leather arm |       |       |       |    35 |    12 ||    47
  Dodge: Dodged            |    16 |   128 |   227 |   289 |   136 ||   796

Table legend: (Time is in decaauts)
 A = Elapsed time spent in this place.
 B = Non-inter-level travel time spent in this place.
 C = Inter-level travel time spent in this place.
 D = Time resting spent in this place.
 E = Time spent auto-exploring this place.
 F = Levels seen in this place.
 G = Mean time per level.
                   A        B        C        D        E       F      G
               +--------+--------+--------+--------+--------+-----+--------+
         Total |  16341 |  15610 |    731 |   2499 |   9990 |  18 |  907.8 |
       Dungeon |  12402 |  11798 |    604 |   1982 |   7388 |  12 | 1033.5 |
        Temple |    160 |    140 |     20 |      0 |    116 |   1 |  160.0 |
          Lair |   2873 |   2767 |    106 |    517 |   1942 |   3 |  957.7 |
         Sewer |    440 |    440 |      0 |      0 |    263 |   1 |  440.0 |
        Bailey |    465 |    465 |      0 |      0 |    279 |   1 |  465.0 |
               +--------+--------+--------+--------+--------+-----+--------+

Top non-repeatable levels by time:
  Lair:2: 1626 daAuts
     D:2: 1530 daAuts
    D:11: 1517 daAuts
     D:5: 1353 daAuts
     D:7: 1260 daAuts
    D:12: 1183 daAuts
    D:10: 1120 daAuts
     D:8: 1069 daAuts
  Lair:1: 1032 daAuts
     D:4: 1001 daAuts
     D:9: 795 daAuts
     D:6: 620 daAuts
     D:3: 480 daAuts
     D:1: 471 daAuts
  Bailey: 465 daAuts
